 Dungeon Crawl Stone Soup version bcrawl-1.12-11-gb93c957c58 (console) character file.

Game seed: 8256937185050312474

112 Lexodia the Cudgeler (level 4, -5/46 HPs)
             Began as an Ogre Archaeologist on July 3, 2019.
             Killed by divine providence
             ... invoked by an orc priest
              (13 damage)
             ... on level 3 of the Dungeon.
             The game lasted 00:04:10 (2022 turns).

Lexodia the Cudgeler (Ogre Archaeologist)           Turns: 2022, Time: 00:04:11

Health: -5/46      AC: 10    Str: 13 (16) XL:     4   Next: 93%
Magic:  4/4        EV:  9    Int: 12 (15) God:
Gold:   194        SH:  0    Dex:  4 (7)  Spells: 3/3 levels left

rFire    . . .     SeeInvis .   t - +0 mace
rCold    . . .     Gourm    .   (no shield)
rNeg     . . .     Faith    .   a - +1 robe
rPois    .         Spirit   .   b - +1 hat
rElec    .         Reflect  .   (no cloak)
rCorr    .         Harm     .   (gloves unavailable)
MR       .....     Clarity  +   (boots unavailable)
Stlth    +.........             (no amulet)
HPRegen  0.15/turn              p - +4 ring of protection
MPRegen  0.09/turn              (no ring)

@: studying Maces & Flails
A: large, unfitting armour, rugged brown scales 1, clarity, tough skin 1
a: no special abilities


You were on level 3 of the Dungeon.
You were not hungry.

You visited 1 branch of the dungeon, and saw 3 of its levels.

You collected 194 gold pieces.

Inventory:

Hand Weapons
 t - a +0 mace (weapon)
Missiles
 h - 497 stones (quivered)
Armour
 a - a +1 robe (worn)
 b - a +1 hat (worn)
Jewellery
 p - a +4 ring of protection (left hand)
Scrolls
 m - 4 scrolls of identify {unknown}
 n - 3 scrolls of teleportation {unknown}
Potions
 s - a potion of degeneration
Books
 e - a manual of Maces & Flails
Miscellaneous
 f - an ancient crate
Comestibles
 g - 9 rations {!d}
 r - 2 chunks of flesh


   Skills:
 - Level 3.0 Fighting
 * Level 5.7 Maces & Flails
 - Level 3.0 Dodging
 - Level 2.4 Stealth


You had 3 spell levels left.
You didn't know any spells.
Your spell library was empty.

Dungeon Overview and Level Annotations

Branches:
Dungeon (3/12)

Altars:


Innate Abilities, Weirdness & Mutations

You are too large for most types of armour.
You have tough skin. (AC +1)
You are partially covered in rugged brown scales. (AC +1, +3% HP)
You possess an exceptional clarity of mind.


Message History

You miss something.
You hear some strange, mumbled words.
A puff of flame appears from out of thin air!
The puff of flame hits you!
* * * LOW HITPOINT WARNING * * *
It was a potion of cancellation.
Your magical effects are unravelling.
You feel magically purged.
You feel a little less mighty now.
The orc priest invokes the aid of Beogh against you.
Something hits you but does no damage.
You feel better.
You hear some strange, mumbled words.
A magic dart appears from out of thin air!
The magic dart hits you!
Okay, then.
You miss something.
The orc priest calls down the wrath of Beogh upon you.
Beogh smites you!
You die...

...
...
#.#
#.#
#.#
#<#
#.#
#.#
#@#
#{#


#oo #### You could see an orc priest and an orc.

Vanquished Creatures
  An orc wizard (D:2)
  3 gnolls (D:3)
  2 dart slugs (D:1)
  5 leopard geckos
  4 orcs
  3 giant cockroaches
  A goblin (D:2)
  3 hobgoblins
  6 jackals
  5 bats
  4 frilled lizards
  6 kobolds
  3 rats
46 creatures vanquished.

Notes
Turn   | Place    | Note
-------+----------+-------------------------------------------
     0 | D:1      | Lexodia the Ogre Archaeologist began the quest for the Orb.
     0 | D:1      | Reached XP level 1. HP: 19/19 MP: 1/1
   175 | D:1      | Reached skill level 1 in Maces & Flails
   175 | D:1      | Reached XP level 2. HP: 11/28 MP: 2/2
   761 | D:1      | Reached skill level 2 in Maces & Flails
   764 | D:1      | Reached XP level 3. HP: 35/35 MP: 3/3
   962 | D:2      | Found a faded altar of an unknown god.
  1231 | D:2      | Reached skill level 3 in Maces & Flails
  1404 | D:2      | Reached skill level 4 in Maces & Flails
  1404 | D:2      | Reached XP level 4. HP: 18/45 MP: 4/4
  1981 | D:3      | Reached skill level 5 in Maces & Flails
  2013 | D:3      | Gained mutation: You are partially covered in rugged brown
                  | scales. (AC +1, +3% HP) [potion of mutation]
  2013 | D:3      | Gained mutation: You possess an exceptional clarity of
                  | mind. [potion of mutation]
  2019 | D:3      | HP: 1/46 [something/puff of flame (7)]
  2022 | D:3      | Killed from afar by an orc priest

Skill      XL: |  1  2  3  4 |
---------------+-------------+-----
Maces & Flails | 1 2 4 5 |  5.7
Fighting       | 2 3 |  3.0
Dodging        | 3 |  3.0
Stealth        | |  2.4

Action                   |  1- 3 |  4- 6 || total
-------------------------+-------+-------++-------
Melee: Spear             |    98 |       ||    98
       Whip              |   111 |     9 ||   120
       Mace              |       |    38 ||    38
  Use: Potion            |       |     8 ||     8
 Stab: Sleeping          |     5 |     2 ||     7
  Eat: Chunk             |     2 |     2 ||     4
Armor: Robe              |    88 |    20 ||   108
Dodge: Dodged            |    85 |    19 ||   104
